 Dungeon Crawl Stone Soup version 0.20-a0-256-gabb291d (webtiles) character file.

210 GlassEater the Chopper (level 5, -3/48 HPs)
             Began as a Hill Orc Monk on Dec 1, 2016.
             Slain by a gnoll
             ... wielding a +0 spear
              (5 damage)
             ... on level 3 of the Dungeon.
             The game lasted 00:05:02 (2149 turns).

GlassEater the Chopper (Hill Orc Monk)              Turns: 2149, Time: 00:05:02

Health: -3/48      AC:  8    Str: 15    XL:     5   Next: 88%
Magic:  5/5        EV: 10    Int: 10    God:
Gold:   201        SH:  0    Dex: 13    Spells: 4/4 levels left

rFire  . . .     SeeInvis .     a - +2 hand axe (flame)
rCold  . . .     Gourm    .     q - +0 scale mail
rNeg   . . .     Faith    .     (no shield)
rPois  .         Spirit   .     (no helmet)
rElec  .         Reflect  .     (no cloak)
rCorr  .         Harm     .     i - +0 pair of gloves
MR     .....                    (no boots)
Stlth  ..........               (no amulet)
                                (no ring)
                                r - +1 ring of protection

@: very slightly contaminated, hasted, very quick
A: no striking features
a: no special abilities


You were on level 3 of the Dungeon.
You were not hungry.

You visited 1 branch of the dungeon, and saw 3 of its levels.

You collected 201 gold pieces.

Inventory:

Hand Weapons
 a - a +2 hand axe of flaming (weapon)
Missiles
 b - a throwing net
 h - 7 javelins (quivered)
 n - 10 tomahawks
Armour
 i - a +0 pair of gloves (worn)
 q - a +0 scale mail (worn)
Jewellery
 r - a +1 ring of protection (left hand)
Scrolls
 d - a scroll of remove curse {unknown}
 f - a scroll of noise {unknown}
 j - a scroll of blinking {unknown}
 k - a scroll of recharging {unknown}
 l - a scroll of enchant weapon {unknown}
 p - a scroll of identify
Potions
 g - a potion of haste
Comestibles
 c - 2 bread rations
 o - a meat ration


   Skills:
 + Level 5.0 Fighting
 + Level 6.1 Axes
 + Level 1.8 Armour
 + Level 3.1 Dodging
 - Level 1.5 Stealth


You had 4 spell levels left.
You didn't know any spells.

Dungeon Overview and Level Annotations

Branches:
Dungeon (3/15)

Altars:


Message History

The adder hisses angrily.
The goblin shouts!
You slash the gnoll! You burn the gnoll.
You kill the gnoll!
You hit the orc but do no damage. The orc hits you but does no damage.
The gnoll hits you but does no damage.
Okay, then.
It was a potion of cure mutation.
It has a very clean taste.
The orc hits you but does no damage. The gnoll hits you but does no damage.
A goblin comes into view.
You feel yourself speed up. The orc hits you but does no damage.
The gnoll hits you from afar with a spear.
* * * LOW HITPOINT WARNING * * *
You are very lightly contaminated with residual magic.
You hit the orc. You burn the orc.
The orc is almost dead.
The orc closely misses you.
You hit the orc but do no damage.
The orc is almost dead.
The gnoll hits you from afar with a spear.
You die...

.......#%#.....########<###
g..h..g#.......# #####....
........)gg....###...#####.
(......g.Sg#.........# ##
.#.......#h#.........#
#.#...#.#g#.........# #
#.#.#.#g#.........####
#.#.#.#)#.............
#...#.#@#.........####
......#o#.............
.......b#.(...........
...................##.
........##..o......#
....#w#.............#
#####.#####.......... ..
#.#.###.#.. ..# #.... ....


You could see a worm, a howler monkey, 3 gnolls, an adder, an orc, 2 goblins and
a bat.

Vanquished Creatures
  Terence (D:2)
  3 adders (D:2)
  9 gnolls
  A worm (D:2)
  3 dart slugs
  A leopard gecko (D:1)
  A ball python (D:3)
  3 giant cockroaches
  13 goblins
  4 hobgoblins
  7 jackals
  5 bats
  5 frilled lizards
  6 kobolds
  3 rats
  A plant (D:1)
66 creatures vanquished.

Notes
Turn   | Place    | Note
-------+----------+-------------------------------------------
     0 | D:1      | GlassEater the Hill Orc Monk began the quest for the Orb.
     0 | D:1      | Reached XP level 1. HP: 19/19 MP: 1/1
   179 | D:1      | Reached XP level 2. HP: 27/27 MP: 2/2
   305 | D:1      | Reached XP level 3. HP: 28/33 MP: 3/3
   986 | D:2      | Reached XP level 4. HP: 40/41 MP: 4/4
  1043 | D:2      | Reached skill level 5 in Axes
  1175 | D:2      | Noticed Terence
  1184 | D:2      | Killed Terence
  1282 | D:2      | Reached skill level 1 in Armour
  1332 | D:2      | Reached XP level 5. HP: 39/47 MP: 5/5
  2107 | D:3      | Reached skill level 5 in Fighting
  2125 | D:3      | Reached skill level 6 in Axes
  2130 | D:3      | HP: 2/48 [gnoll/halberd (5)]
  2147 | D:3      | HP: 2/48 [gnoll/spear (4)]
  2149 | D:3      | Slain by a gnoll

Vault maps used:
D:1:      roderic_crop_circles_arrival_small
D:2:      first_bread, uniq_terence
D:3:      minmay_misc_feat_more_columns, minmay_misc_feat_five, st_stairs_7

Skill      XL: |  1  2  3  4  5 |
---------------+----------------+-----
Fighting       | 4 5 |  5.0
Dodging        | 3 |  3.1
Axes           | 5 6 |  6.1
Armour         | 1 |  1.8
Stealth        | |  1.5

Action                   |  1- 3 |  4- 6 || total
-------------------------+-------+-------++-------
Melee: Hand axe          |   103 |   107 ||   210
  Use: Potion            |       |     3 ||     3
       Scroll            |       |     1 ||     1
  Eat: Chunk             |       |     4 ||     4
Armor: Robe              |    15 |       ||    15
       Scale mail        |    18 |    54 ||    72
Dodge: Dodged            |    54 |    69 ||   123
